Connexion

SAN JOSE Sharks vs PHILADELPHIA Flyers

Created - 15 janvier 2024 at 08:20

Goals
1 2 3 T
SAN JOSE Sharks 1 1 1 3
PHILADELPHIA Flyers 1 1 3 5
Shots
1 2 3 T
SAN JOSE Sharks 8 10 5 23
PHILADELPHIA Flyers 8 16 15 39

GoalsPenalties
1st period
1. PHILADELPHIA Flyers , Pavel Buchnevich 18 (Tomas Tatar 13) at 17:59
2. SAN JOSE Sharks , Tom Wilson 16 (Christian Jaros 27) at 18:31
Kasperi Kapanen (PHI) for Slashing (Minor) at 2:42
2nd period
3. PHILADELPHIA Flyers , Alex Pietrangelo 12 (Tomas Tatar 14, Pavel Buchnevich 19) at 3:04 (PP)
4. SAN JOSE Sharks , Tom Wilson 17 (Ondrej Palat 46, Rasmus Ristolainen 11) at 7:45
Nathan Beaulieu (S.J) for Roughing (Minor) at 1:50
Rasmus Ristolainen (S.J) for Slashing (Minor) at 10:22
Nathan Beaulieu (S.J) for Cross-checking (Minor) at 13:37
Matt Roy (PHI) for High sticking (Minor) at 15:55
Brandon Montour (PHI) for Roughing (Minor) at 18:27
3rd period
5. SAN JOSE Sharks , Tom Wilson 18 (Ondrej Palat 47, Marcus Pettersson 39) at 9:56 (PP)
6. PHILADELPHIA Flyers , Jordan Staal 9 (Alex Pietrangelo 20, Tomas Tatar 15) at 13:15
7. PHILADELPHIA Flyers , Kasperi Kapanen 11 (Brandon Montour 21, Seth Jarvis 5) at 19:11
8. PHILADELPHIA Flyers , Austin Czarnik 30 (Jonathan Drouin 29, Sean Monahan 31) at 19:33 (Empty Net)
Kasperi Kapanen (PHI) for Hooking (Minor) at 8:20
Christian Jaros (S.J) for Goalie Interference (Minor) at 13:25
Nathan Beaulieu (S.J) for Hooking (Minor) at 15:36
Goalie Stats
Jake Oettinger (S.J), 34 saves from 38 shots - (0,895), L, 17-23-4, 59:42 minutes
Stuart Skinner (PHI), 20 saves from 23 shots - (0,870), W, 25-20-3, 60:00 minutes
3 StarsOfficial
1 - Tom Wilson (S.J)
2 - Tomas Tatar (PHI)
3 - Alex Pietrangelo (PHI)
Referees : Brian Pochmara and Kerry Fraser
Linesman : Steve Miller and Jean Morin
Game Note
Tom Wilson has scored a Hat Trick!
Austin Czarnik has scored in a empty net!
Finance
Level 1 -- Attendance: 5087 (84,78%) -- Ticket Income $686,745
Level 2 -- Attendance: 5086 (77,80%) -- Ticket Income $406,880
Level 3 -- Attendance: 1457 (72,85%) -- Ticket Income $87,420
Level 4 -- Attendance: 3750 (93,75%) -- Ticket Income $131,250
Luxury Box -- Attendance: 645 (64,50%) -- Ticket Income $245,100
Game was played at the Whells Fargot Center.
Total Attendance: 16025 (82,02%)
Total Ticket Income: $1,557,395
Other Income: $311,479
Total Income: $1,868,874



Team Name Goals Shots Shots Attemp Shots Blocked PIM HIT PP PK FO%
SAN JOSE Sharks 323381110221 / 4 (25%)149%
PHILADELPHIA Flyers 5397428191 / 5 (20%)151%

SAN JOSE Sharks
Player Name POS G A P +/- PIM HIT SHT SB MP PP MP PP SHT PK MP PK SHT FO% FOT
Brendan PerliniLW/RW000-2002012:130:0000:190100% 1
Brent GatesC/LW000000002:400:0000:0000% 0
Christian JarosD0111220121:113:5703:0300% 0
Cody CeciD000-2000111:200:0000:0000% 0
Connor BrownRW0000012219:044:2100:000100% 2
Derek StepanC/LW/RW0000011021:564:2102:52042% 26
Erik HaulaC/LW000000102:400:0000:00067% 3
Josh AndersonRW000-2032012:160:0000:2200% 2
Lucas RaymondLW0000001019:044:2100:0000% 0
Marcus PetterssonD011-1003326:283:3615:0700% 0
Michael McLeodC000000000:390:0000:0000% 0
Mike HoffmanC/LW000-2000011:540:0000:00043% 14
Nathan BeaulieuD0001641219:543:5711:4800% 0
Ondrej PalatLW0220012025:123:1205:59035% 17
Rasmus RistolainenD011-1250225:163:3603:5600% 0
Sean Couturier C0000001023:083:1205:56068% 22
Tom WilsonRW3030037020:043:1212:5210% 1
Vincent DesharnaisD000-2020015:460:0004:2600% 0
PHILADELPHIA Flyers
Player Name POS G A P +/- PIM HIT SHT SB MP PP MP PP SHT PK MP PK SHT FO% FOT
Adam FoxD0000012126:165:0113:4900% 0
Alex PietrangeloD1122005023:134:0933:4400% 0
Austin CzarnikC/RW1010014022:284:3014:4800% 0
Brandon MontourD0110220010:300:0000:0000% 0
Carl GrundstromRW000000003:390:0000:0000% 0
Jonathan DrouinLW/RW0110032020:074:3012:27050% 4
Jordan StaalC1012026019:234:4010:00041% 22
Julien GauthierRW000000000:000:0000:0000% 0
Kasperi KapanenLW/RW1010403012:010:0000:1800% 0
Kris LetangD0002002023:134:0913:4400% 0
Matt RoyD0000201010:300:0000:0000% 0
Pavel BuchnevichLW/RW1122005021:504:4022:271100% 1
Sam ReinhartC/RW0000013012:030:0000:18053% 15
Sean MonahanC0110011026:074:3004:48059% 39
Seth JarvisC/LW/RW0110031011:450:0000:0000% 1
Tj BrodieD0000031126:165:0113:4900% 0
Tomas TatarLW/RW0332022019:234:4010:00050% 2
Zach PariseC/LW000000103:390:0000:00025% 4



Play-by-Play

1st period


0:01 of 1st period - Sean Couturier wins face-off versus Sean Monahan in neutral zone.
0:04 of 1st period - Austin Czarnik is hit by Tom Wilson and loses puck.
0:17 of 1st period - Shot by Jonathan Drouin.
0:17 of 1st period - Stopped by Jake Oettinger without a rebound.
0:18 of 1st period - Derek Stepan wins face-off versus Tomas Tatar in SAN JOSE Sharks zone.
0:29 of 1st period - Shot by Derek Stepan.
0:29 of 1st period - Stopped by Stuart Skinner without a rebound.
0:30 of 1st period - Sam Reinhart wins face-off versus Josh Anderson in PHILADELPHIA Flyers zone.
1:14 of 1st period - Icing by Cody Ceci.
1:15 of 1st period - Mike Hoffman wins face-off versus Sean Monahan in SAN JOSE Sharks zone.
1:20 of 1st period - Shot by Sean Monahan.
1:20 of 1st period - Shot Misses the Net.
1:58 of 1st period - Shot by Austin Czarnik.
1:58 of 1st period - Shot Blocked by Marcus Pettersson.
2:38 of 1st period - Shot by Jordan Staal.
2:38 of 1st period - Stopped by Jake Oettinger without a rebound.
2:39 of 1st period - Derek Stepan wins face-off versus Sam Reinhart in SAN JOSE Sharks zone.
2:39 of 1st period - Derek Stepan is hit by Sam Reinhart.
2:42 of 1st period - Minor Penalty to Kasperi Kapanen for Slashing.
2:43 of 1st period - Sean Monahan wins face-off versus Derek Stepan in PHILADELPHIA Flyers zone.
3:06 of 1st period - Shot by Nathan Beaulieu.
3:06 of 1st period - Stopped by Stuart Skinner without a rebound.
3:07 of 1st period - Jonathan Drouin wins face-off versus Derek Stepan in PHILADELPHIA Flyers zone.
3:07 of 1st period - Jonathan Drouin is hit by Rasmus Ristolainen.
5:19 of 1st period - Shot by Sam Reinhart.
5:19 of 1st period - Stopped by Jake Oettinger without a rebound.
5:20 of 1st period - Erik Haula wins face-off versus Jordan Staal in SAN JOSE Sharks zone.
5:20 of 1st period - Erik Haula is hit by Jordan Staal.
5:35 of 1st period - Nathan Beaulieu is hit by Tj Brodie.
6:30 of 1st period - Off-side.
6:31 of 1st period - Mike Hoffman wins face-off versus Sean Monahan in neutral zone.
6:31 of 1st period - Mike Hoffman is hit by Austin Czarnik.
6:34 of 1st period - Off-side.
6:35 of 1st period - Sean Monahan wins face-off versus Derek Stepan in neutral zone.
6:59 of 1st period - Icing by Jonathan Drouin.
7:00 of 1st period - Sean Monahan wins face-off versus Mike Hoffman in PHILADELPHIA Flyers zone.
7:00 of 1st period - Jonathan Drouin is hit by Josh Anderson and loses puck.
7:05 of 1st period - Shot by Brendan Perlini.
7:05 of 1st period - Shot Misses the Net.
7:07 of 1st period - Shot by Brendan Perlini.
7:07 of 1st period - Shot Misses the Net.
7:09 of 1st period - Shot by Mike Hoffman.
7:09 of 1st period - Shot Misses the Net.
8:15 of 1st period - Kasperi Kapanen is hit by Rasmus Ristolainen and loses puck.
9:25 of 1st period - Shot by Derek Stepan.
9:25 of 1st period - Deflect By Connor Brown.
9:25 of 1st period - Stopped by Stuart Skinner with a rebound.
9:37 of 1st period - Shot by Connor Brown.
9:37 of 1st period - Shot Misses the Net.
9:57 of 1st period - Shot by Josh Anderson.
9:57 of 1st period - Stopped by Stuart Skinner without a rebound.
9:58 of 1st period - Sean Monahan wins face-off versus Mike Hoffman in PHILADELPHIA Flyers zone.
10:25 of 1st period - Shot by Brendan Perlini.
10:25 of 1st period - Stopped by Stuart Skinner without a rebound.
10:26 of 1st period - Erik Haula wins face-off versus Seth Jarvis in PHILADELPHIA Flyers zone.
10:29 of 1st period - Shot by Erik Haula.
10:29 of 1st period - Stopped by Stuart Skinner without a rebound.
10:30 of 1st period - Sean Couturier wins face-off versus Sam Reinhart in PHILADELPHIA Flyers zone.
11:13 of 1st period - Shot by Kasperi Kapanen.
11:13 of 1st period - Shot Misses the Net.
13:28 of 1st period - Shot by Zach Parise.
13:28 of 1st period - Shot Blocked by Cody Ceci.
14:08 of 1st period - Shot by Kris Letang.
14:08 of 1st period - Shot Misses the Net.
14:10 of 1st period - Shot by Seth Jarvis.
14:10 of 1st period - Shot Misses the Net.
14:12 of 1st period - Shot by Kris Letang.
14:12 of 1st period - Stopped by Jake Oettinger without a rebound.
14:13 of 1st period - Sean Couturier wins face-off versus Jordan Staal in SAN JOSE Sharks zone.
14:36 of 1st period - Shot by Tom Wilson.
14:36 of 1st period - Stopped by Stuart Skinner without a rebound.
14:37 of 1st period - Sam Reinhart wins face-off versus Derek Stepan in PHILADELPHIA Flyers zone.
14:44 of 1st period - Shot by Kasperi Kapanen.
14:44 of 1st period - Shot Blocked by Connor Brown.
14:56 of 1st period - Shot by Kris Letang.
14:56 of 1st period - Shot Misses the Net.
15:02 of 1st period - Kris Letang is hit by Connor Brown and loses puck.
15:32 of 1st period - Kris Letang is hit by Rasmus Ristolainen and loses puck.
15:55 of 1st period - Shot by Jonathan Drouin.
15:55 of 1st period - Shot Misses the Net.
16:03 of 1st period - Shot by Jonathan Drouin.
16:03 of 1st period - Deflect By Austin Czarnik.
16:03 of 1st period - Stopped by Jake Oettinger without a rebound.
16:04 of 1st period - Jordan Staal wins face-off versus Erik Haula in SAN JOSE Sharks zone.
16:19 of 1st period - Shot by Tomas Tatar.
16:19 of 1st period - Shot Blocked by Nathan Beaulieu.
16:21 of 1st period - Shot by Matt Roy.
16:21 of 1st period - Stopped by Jake Oettinger without a rebound.
16:22 of 1st period - Sean Monahan wins face-off versus Derek Stepan in SAN JOSE Sharks zone.
16:30 of 1st period - Connor Brown is hit by Jonathan Drouin and loses puck.
16:47 of 1st period - Shot by Connor Brown.
16:47 of 1st period - Shot Misses the Net.
16:49 of 1st period - Shot by Lucas Raymond.
16:49 of 1st period - Shot Blocked by Adam Fox.
17:42 of 1st period - Shot by Josh Anderson.
17:42 of 1st period - Shot Misses the Net.
17:59 of 1st period - Shot by Pavel Buchnevich.
17:59 of 1st period - Goal by Pavel Buchnevich - SAN JOSE Sharks : 0 - PHILADELPHIA Flyers : 1.
18:00 of 1st period - Sean Couturier wins face-off versus Sam Reinhart in neutral zone.
18:31 of 1st period - Shot by Tom Wilson.
18:31 of 1st period - Goal by Tom Wilson - SAN JOSE Sharks : 1 - PHILADELPHIA Flyers : 1.
18:32 of 1st period - Derek Stepan wins face-off versus Jordan Staal in neutral zone.
18:46 of 1st period - Icing by Marcus Pettersson.
18:47 of 1st period - Derek Stepan wins face-off versus Zach Parise in SAN JOSE Sharks zone.
19:22 of 1st period - Carl Grundstrom is hit by Rasmus Ristolainen and loses puck.
19:53 of 1st period - Shot by Jordan Staal.
19:53 of 1st period - Stopped by Jake Oettinger without a rebound.
19:54 of 1st period - Sam Reinhart wins face-off versus Sean Couturier in SAN JOSE Sharks zone.
Goals for this period are 1 for SAN JOSE Sharks vs 1 for PHILADELPHIA Flyers.
Shots for this period are 8 for SAN JOSE Sharks vs 8 for PHILADELPHIA Flyers.

2nd period


0:01 of 2nd period - Sean Monahan wins face-off versus Sean Couturier in neutral zone.
0:03 of 2nd period - Off-side.
0:04 of 2nd period - Sean Couturier wins face-off versus Sean Monahan in neutral zone.
0:26 of 2nd period - Austin Czarnik is hit by Rasmus Ristolainen and loses puck.
1:16 of 2nd period - Tomas Tatar is hit by Nathan Beaulieu and loses puck.
1:19 of 2nd period - Shot by Alex Pietrangelo.
1:19 of 2nd period - Stopped by Jake Oettinger with a rebound.
1:50 of 2nd period - Minor Penalty to Nathan Beaulieu for Roughing.
1:51 of 2nd period - Sean Monahan wins face-off versus Ondrej Palat in SAN JOSE Sharks zone.
2:17 of 2nd period - Icing by Tj Brodie.
2:18 of 2nd period - Sean Monahan wins face-off versus Ondrej Palat in PHILADELPHIA Flyers zone.
2:58 of 2nd period - Shot by Tomas Tatar.
2:58 of 2nd period - Shot Misses the Net.
3:00 of 2nd period - Shot by Tomas Tatar.
3:00 of 2nd period - Shot Misses the Net.
3:02 of 2nd period - Shot by Tomas Tatar.
3:02 of 2nd period - Shot Blocked by Marcus Pettersson.
3:04 of 2nd period - Shot by Alex Pietrangelo.
3:04 of 2nd period - Goal by Alex Pietrangelo - SAN JOSE Sharks : 1 - PHILADELPHIA Flyers : 2.
3:05 of 2nd period - Sam Reinhart wins face-off versus Mike Hoffman in neutral zone.
3:13 of 2nd period - Cody Ceci is hit by Seth Jarvis and loses puck.
3:18 of 2nd period - Shot by Sam Reinhart.
3:18 of 2nd period - Deflect By Kasperi Kapanen.
3:18 of 2nd period - Shot Misses the Net.
3:26 of 2nd period - Shot by Sam Reinhart.
3:26 of 2nd period - Stopped by Jake Oettinger without a rebound.
3:27 of 2nd period - Derek Stepan wins face-off versus Zach Parise in SAN JOSE Sharks zone.
3:40 of 2nd period - Shot by Carl Grundstrom.
3:40 of 2nd period - Shot Misses the Net.
4:40 of 2nd period - Icing by Tj Brodie.
4:41 of 2nd period - Jordan Staal wins face-off versus Mike Hoffman in PHILADELPHIA Flyers zone.
4:41 of 2nd period - Jordan Staal is hit by Josh Anderson.
4:49 of 2nd period - Cody Ceci is hit by Jordan Staal and loses puck.
5:04 of 2nd period - Shot by Tomas Tatar.
5:04 of 2nd period - Shot Misses the Net.
5:27 of 2nd period - Kasperi Kapanen is hit by Vincent Desharnais and loses puck.
5:34 of 2nd period - Shot by Seth Jarvis.
5:34 of 2nd period - Shot Misses the Net.
5:36 of 2nd period - Shot by Sam Reinhart.
5:36 of 2nd period - Stopped by Jake Oettinger with a rebound.
5:38 of 2nd period - Shot by Kasperi Kapanen.
5:38 of 2nd period - Stopped by Jake Oettinger without a rebound.
5:39 of 2nd period - Sean Couturier wins face-off versus Sean Monahan in SAN JOSE Sharks zone.
5:39 of 2nd period - Sean Couturier is hit by Sean Monahan.
5:42 of 2nd period - Marcus Pettersson is hit by Jonathan Drouin.
5:44 of 2nd period - Shot by Ondrej Palat.
5:44 of 2nd period - Stopped by Stuart Skinner without a rebound.
5:45 of 2nd period - Sean Couturier wins face-off versus Sean Monahan in PHILADELPHIA Flyers zone.
5:49 of 2nd period - Shot by Sean Couturier .
5:49 of 2nd period - Shot Misses the Net.
5:51 of 2nd period - Shot by Sean Couturier .
5:51 of 2nd period - Stopped by Stuart Skinner with a rebound.
5:53 of 2nd period - Shot by Ondrej Palat.
5:53 of 2nd period - Shot Misses the Net.
6:18 of 2nd period - Shot by Tom Wilson.
6:18 of 2nd period - Stopped by Stuart Skinner without a rebound.
6:19 of 2nd period - Jordan Staal wins face-off versus Derek Stepan in PHILADELPHIA Flyers zone.
6:28 of 2nd period - Shot by Tomas Tatar.
6:28 of 2nd period - Stopped by Jake Oettinger without a rebound.
6:29 of 2nd period - Connor Brown wins face-off versus Sam Reinhart in SAN JOSE Sharks zone.
6:43 of 2nd period - Shot by Seth Jarvis.
6:43 of 2nd period - Stopped by Jake Oettinger without a rebound.
6:44 of 2nd period - Sean Monahan wins face-off versus Sean Couturier in SAN JOSE Sharks zone.
6:48 of 2nd period - Icing by Rasmus Ristolainen.
6:49 of 2nd period - Sean Couturier wins face-off versus Sean Monahan in SAN JOSE Sharks zone.
7:09 of 2nd period - Icing by Tj Brodie.
7:10 of 2nd period - Sean Monahan wins face-off versus Derek Stepan in PHILADELPHIA Flyers zone.
7:20 of 2nd period - Icing by Nathan Beaulieu.
7:21 of 2nd period - Derek Stepan wins face-off versus Jordan Staal in SAN JOSE Sharks zone.
7:26 of 2nd period - Shot by Lucas Raymond.
7:26 of 2nd period - Stopped by Stuart Skinner without a rebound.
7:27 of 2nd period - Sean Monahan wins face-off versus Sean Couturier in PHILADELPHIA Flyers zone.
7:45 of 2nd period - Shot by Tom Wilson.
7:45 of 2nd period - Goal by Tom Wilson - SAN JOSE Sharks : 2 - PHILADELPHIA Flyers : 2.
7:46 of 2nd period - Derek Stepan wins face-off versus Jordan Staal in neutral zone.
7:58 of 2nd period - Shot by Jordan Staal.
7:58 of 2nd period - Stopped by Jake Oettinger without a rebound.
7:59 of 2nd period - Sean Couturier wins face-off versus Sean Monahan in SAN JOSE Sharks zone.
8:10 of 2nd period - Shot by Ondrej Palat.
8:10 of 2nd period - Stopped by Stuart Skinner without a rebound.
8:11 of 2nd period - Jordan Staal wins face-off versus Derek Stepan in PHILADELPHIA Flyers zone.
8:22 of 2nd period - Shot by Pavel Buchnevich.
8:22 of 2nd period - Shot Misses the Net.
8:44 of 2nd period - Shot by Alex Pietrangelo.
8:44 of 2nd period - Shot Blocked by Nathan Beaulieu.
9:24 of 2nd period - Shot by Ondrej Palat.
9:24 of 2nd period - Shot Misses the Net.
9:26 of 2nd period - Shot by Marcus Pettersson.
9:26 of 2nd period - Stopped by Stuart Skinner without a rebound.
9:27 of 2nd period - Mike Hoffman wins face-off versus Sam Reinhart in PHILADELPHIA Flyers zone.
9:46 of 2nd period - Shot by Brendan Perlini.
9:46 of 2nd period - Stopped by Stuart Skinner without a rebound.
9:47 of 2nd period - Sean Couturier wins face-off versus Sean Monahan in PHILADELPHIA Flyers zone.
9:47 of 2nd period - Sean Couturier is hit by Tj Brodie.
10:22 of 2nd period - Minor Penalty to Rasmus Ristolainen for Slashing.
10:23 of 2nd period - Jordan Staal wins face-off versus Ondrej Palat in SAN JOSE Sharks zone.
10:36 of 2nd period - Shot by Alex Pietrangelo.
10:36 of 2nd period - Shot Misses the Net.
10:38 of 2nd period - Shot by Jordan Staal.
10:38 of 2nd period - Stopped by Jake Oettinger without a rebound.
10:39 of 2nd period - Ondrej Palat wins face-off versus Jordan Staal in SAN JOSE Sharks zone.
10:45 of 2nd period - Icing by Adam Fox.
10:46 of 2nd period - Ondrej Palat wins face-off versus Jordan Staal in PHILADELPHIA Flyers zone.
11:25 of 2nd period - Shot by Pavel Buchnevich.
11:25 of 2nd period - Stopped by Jake Oettinger without a rebound.
11:26 of 2nd period - Sean Monahan wins face-off versus Tom Wilson in SAN JOSE Sharks zone.
11:37 of 2nd period - Shot by Kris Letang.
11:37 of 2nd period - Stopped by Jake Oettinger without a rebound.
11:38 of 2nd period - Sean Monahan wins face-off versus Ondrej Palat in SAN JOSE Sharks zone.
12:06 of 2nd period - Shot by Alex Pietrangelo.
12:06 of 2nd period - Stopped by Jake Oettinger without a rebound.
12:07 of 2nd period - Jordan Staal wins face-off versus Sean Couturier in SAN JOSE Sharks zone.
12:26 of 2nd period - Shot by Kasperi Kapanen.
12:26 of 2nd period - Stopped by Jake Oettinger without a rebound.
12:27 of 2nd period - Sam Reinhart wins face-off versus Derek Stepan in SAN JOSE Sharks zone.
12:27 of 2nd period - Kris Letang is hit by Nathan Beaulieu and loses puck.
12:56 of 2nd period - Sam Reinhart is hit by Christian Jaros and loses puck.
13:04 of 2nd period - Seth Jarvis is hit by Nathan Beaulieu and loses puck.
13:37 of 2nd period - Minor Penalty to Nathan Beaulieu for Cross-checking.
13:38 of 2nd period - Tomas Tatar wins face-off versus Ondrej Palat in SAN JOSE Sharks zone.
13:39 of 2nd period - Shot by Adam Fox.
13:39 of 2nd period - Shot Misses the Net.
13:41 of 2nd period - Shot by Adam Fox.
13:41 of 2nd period - Shot Misses the Net.
13:43 of 2nd period - Shot by Tj Brodie.
13:43 of 2nd period - Shot Blocked by Rasmus Ristolainen.
13:45 of 2nd period - Shot by Adam Fox.
13:45 of 2nd period - Shot Misses the Net.
13:55 of 2nd period - Shot by Adam Fox.
13:55 of 2nd period - Stopped by Jake Oettinger without a rebound.
13:56 of 2nd period - Sean Monahan wins face-off versus Ondrej Palat in SAN JOSE Sharks zone.
13:59 of 2nd period - Shot by Austin Czarnik.
13:59 of 2nd period - Stopped by Jake Oettinger without a rebound.
14:00 of 2nd period - Ondrej Palat wins face-off versus Sean Monahan in SAN JOSE Sharks zone.
15:41 of 2nd period - Josh Anderson is hit by Seth Jarvis and loses puck.
15:53 of 2nd period - Mike Hoffman is hit by Brandon Montour and loses puck.
15:55 of 2nd period - Minor Penalty to Matt Roy for High sticking.
15:56 of 2nd period - Sean Monahan wins face-off versus Derek Stepan in PHILADELPHIA Flyers zone.
17:25 of 2nd period - Icing by Ondrej Palat.
17:26 of 2nd period - Sean Couturier wins face-off versus Jonathan Drouin in SAN JOSE Sharks zone.
17:31 of 2nd period - Alex Pietrangelo is hit by Tom Wilson and loses puck.
17:48 of 2nd period - Shot by Marcus Pettersson.
17:48 of 2nd period - Stopped by Stuart Skinner without a rebound.
17:49 of 2nd period - Sean Monahan wins face-off versus Derek Stepan in PHILADELPHIA Flyers zone.
18:15 of 2nd period - Mike Hoffman is hit by Brandon Montour and loses puck.
18:20 of 2nd period - Shot by Josh Anderson.
18:20 of 2nd period - Stopped by Stuart Skinner with a rebound.
18:27 of 2nd period - Minor Penalty to Brandon Montour for Roughing.
18:28 of 2nd period - Connor Brown wins face-off versus Sean Monahan in PHILADELPHIA Flyers zone.
19:07 of 2nd period - Shot by Marcus Pettersson.
19:07 of 2nd period - Shot Blocked by Tj Brodie.
19:09 of 2nd period - Shot by Lucas Raymond.
19:09 of 2nd period - Shot Misses the Net.
19:37 of 2nd period - Shot by Pavel Buchnevich.
19:37 of 2nd period - Shot Misses the Net.
19:39 of 2nd period - Shot by Pavel Buchnevich.
19:39 of 2nd period - Stopped by Jake Oettinger without a rebound.
19:40 of 2nd period - Jonathan Drouin wins face-off versus Sean Couturier in SAN JOSE Sharks zone.
Goals for this period are 1 for SAN JOSE Sharks vs 1 for PHILADELPHIA Flyers.
Shots for this period are 10 for SAN JOSE Sharks vs 16 for PHILADELPHIA Flyers.

3rd period


0:01 of 3rd period - Sean Couturier wins face-off versus Sean Monahan in neutral zone.
0:56 of 3rd period - Shot by Jordan Staal.
0:56 of 3rd period - Stopped by Jake Oettinger without a rebound.
0:57 of 3rd period - Sam Reinhart wins face-off versus Josh Anderson in SAN JOSE Sharks zone.
1:03 of 3rd period - Icing by Josh Anderson.
1:04 of 3rd period - Sean Monahan wins face-off versus Mike Hoffman in SAN JOSE Sharks zone.
2:45 of 3rd period - Tomas Tatar is hit by Tom Wilson and loses puck.
3:20 of 3rd period - Shot by Lucas Raymond.
3:20 of 3rd period - Deflect By Derek Stepan.
3:20 of 3rd period - Shot Misses the Net.
3:28 of 3rd period - Derek Stepan is hit by Tomas Tatar and loses puck.
3:52 of 3rd period - Icing by Rasmus Ristolainen.
3:53 of 3rd period - Mike Hoffman wins face-off versus Sam Reinhart in SAN JOSE Sharks zone.
3:53 of 3rd period - Mike Hoffman is hit by Seth Jarvis.
3:56 of 3rd period - Icing by Josh Anderson.
3:57 of 3rd period - Zach Parise wins face-off versus Mike Hoffman in SAN JOSE Sharks zone.
3:58 of 3rd period - Shot by Sean Monahan.
3:58 of 3rd period - Stopped by Jake Oettinger with a rebound.
4:00 of 3rd period - Shot by Adam Fox.
4:00 of 3rd period - Stopped by Jake Oettinger with a rebound.
4:02 of 3rd period - Shot by Zach Parise.
4:02 of 3rd period - Stopped by Jake Oettinger without a rebound.
4:03 of 3rd period - Sean Monahan wins face-off versus Sean Couturier in SAN JOSE Sharks zone.
4:12 of 3rd period - Jonathan Drouin is hit by Ondrej Palat and loses puck.
4:40 of 3rd period - Tom Wilson is hit by Tj Brodie and loses puck.
5:34 of 3rd period - Icing by Christian Jaros.
5:35 of 3rd period - Derek Stepan wins face-off versus Zach Parise in SAN JOSE Sharks zone.
6:31 of 3rd period - Alex Pietrangelo is hit by Nathan Beaulieu and loses puck.
6:37 of 3rd period - Off-side.
6:38 of 3rd period - Mike Hoffman wins face-off versus Jordan Staal in neutral zone.
6:45 of 3rd period - Shot by Josh Anderson.
6:45 of 3rd period - Shot Misses the Net.
6:47 of 3rd period - Shot by Cody Ceci.
6:47 of 3rd period - Shot Misses the Net.
8:08 of 3rd period - Shot by Marcus Pettersson.
8:08 of 3rd period - Stopped by Stuart Skinner without a rebound.
8:09 of 3rd period - Derek Stepan wins face-off versus Sean Monahan in PHILADELPHIA Flyers zone.
8:19 of 3rd period - Off-side.
8:20 of 3rd period - Brendan Perlini wins face-off versus Sam Reinhart in neutral zone.
8:20 of 3rd period - Minor Penalty to Kasperi Kapanen for Hooking.
8:21 of 3rd period - Sean Monahan wins face-off versus Derek Stepan in PHILADELPHIA Flyers zone.
9:14 of 3rd period - Shot by Pavel Buchnevich.
9:14 of 3rd period - Shot Blocked by Connor Brown.
9:56 of 3rd period - Shot by Tom Wilson.
9:56 of 3rd period - Goal by Tom Wilson - SAN JOSE Sharks : 3 - PHILADELPHIA Flyers : 2.
9:57 of 3rd period - Sam Reinhart wins face-off versus Mike Hoffman in neutral zone.
12:14 of 3rd period - Shot by Austin Czarnik.
12:14 of 3rd period - Stopped by Jake Oettinger without a rebound.
12:15 of 3rd period - Jordan Staal wins face-off versus Derek Stepan in SAN JOSE Sharks zone.
12:29 of 3rd period - Icing by Cody Ceci.
12:30 of 3rd period - Derek Stepan wins face-off versus Sean Monahan in SAN JOSE Sharks zone.
12:47 of 3rd period - Shot by Connor Brown.
12:47 of 3rd period - Stopped by Stuart Skinner without a rebound.
12:48 of 3rd period - Sean Couturier wins face-off versus Jordan Staal in PHILADELPHIA Flyers zone.
13:09 of 3rd period - Shot by Pavel Buchnevich.
13:09 of 3rd period - Shot Blocked by Marcus Pettersson.
13:11 of 3rd period - Shot by Tomas Tatar.
13:11 of 3rd period - Deflect By Jordan Staal.
13:11 of 3rd period - Shot Misses the Net.
13:13 of 3rd period - Shot by Alex Pietrangelo.
13:13 of 3rd period - Stopped by Jake Oettinger with a rebound.
13:15 of 3rd period - Shot by Jordan Staal.
13:15 of 3rd period - Goal by Jordan Staal - SAN JOSE Sharks : 3 - PHILADELPHIA Flyers : 3.
13:16 of 3rd period - Sean Monahan wins face-off versus Derek Stepan in neutral zone.
13:16 of 3rd period - Adam Fox is hit by Derek Stepan.
13:25 of 3rd period - Minor Penalty to Christian Jaros for Goalie Interference.
13:26 of 3rd period - Sean Monahan wins face-off versus Ondrej Palat in SAN JOSE Sharks zone.
13:51 of 3rd period - Shot by Jonathan Drouin.
13:51 of 3rd period - Shot Misses the Net.
14:06 of 3rd period - Off-side.
14:07 of 3rd period - Sean Couturier wins face-off versus Jordan Staal in neutral zone.
14:30 of 3rd period - Nathan Beaulieu is hit by Tomas Tatar and loses puck.
14:45 of 3rd period - Shot by Kris Letang.
14:45 of 3rd period - Shot Blocked by Rasmus Ristolainen.
15:14 of 3rd period - Nathan Beaulieu is hit by Jonathan Drouin and loses puck.
15:36 of 3rd period - Minor Penalty to Nathan Beaulieu for Hooking.
15:37 of 3rd period - Ondrej Palat wins face-off versus Jordan Staal in SAN JOSE Sharks zone.
15:49 of 3rd period - Icing by Tomas Tatar.
15:50 of 3rd period - Derek Stepan wins face-off versus Jordan Staal in PHILADELPHIA Flyers zone.
15:51 of 3rd period - Shot by Tom Wilson.
15:51 of 3rd period - Stopped by Stuart Skinner without a rebound.
15:52 of 3rd period - Sean Monahan wins face-off versus Ondrej Palat in PHILADELPHIA Flyers zone.
16:13 of 3rd period - Shot by Alex Pietrangelo.
16:13 of 3rd period - Stopped by Jake Oettinger without a rebound.
16:14 of 3rd period - Pavel Buchnevich wins face-off versus Ondrej Palat in SAN JOSE Sharks zone.
16:19 of 3rd period - Shot by Pavel Buchnevich.
16:19 of 3rd period - Stopped by Jake Oettinger without a rebound.
16:20 of 3rd period - Ondrej Palat wins face-off versus Sean Monahan in SAN JOSE Sharks zone.
16:30 of 3rd period - Adam Fox is hit by Christian Jaros and loses puck.
16:34 of 3rd period - Sean Monahan is hit by Vincent Desharnais and loses puck.
16:37 of 3rd period - Shot by Austin Czarnik.
16:37 of 3rd period - Shot Hit the Post.
16:39 of 3rd period - Shot by Jonathan Drouin.
16:39 of 3rd period - Shot Blocked by Christian Jaros.
16:41 of 3rd period - Shot by Tj Brodie.
16:41 of 3rd period - Stopped by Jake Oettinger without a rebound.
16:42 of 3rd period - Jordan Staal wins face-off versus Ondrej Palat in SAN JOSE Sharks zone.
17:07 of 3rd period - Shot by Tomas Tatar.
17:07 of 3rd period - Stopped by Jake Oettinger without a rebound.
17:08 of 3rd period - Ondrej Palat wins face-off versus Jonathan Drouin in SAN JOSE Sharks zone.
17:23 of 3rd period - Shot by Jonathan Drouin.
17:23 of 3rd period - Stopped by Jake Oettinger without a rebound.
17:24 of 3rd period - Jordan Staal wins face-off versus Ondrej Palat in SAN JOSE Sharks zone.
17:36 of 3rd period - Shot by Pavel Buchnevich.
17:36 of 3rd period - Stopped by Jake Oettinger without a rebound.
17:37 of 3rd period - Sean Monahan wins face-off versus Derek Stepan in SAN JOSE Sharks zone.
17:52 of 3rd period - Shot by Austin Czarnik.
17:52 of 3rd period - Shot Misses the Net.
18:05 of 3rd period - Connor Brown is hit by Adam Fox.
19:00 of 3rd period - Shot by Tom Wilson.
19:00 of 3rd period - Stopped by Stuart Skinner without a rebound.
19:01 of 3rd period - Sam Reinhart wins face-off versus Mike Hoffman in PHILADELPHIA Flyers zone.
19:01 of 3rd period - Sam Reinhart is hit by Josh Anderson.
19:11 of 3rd period - Shot by Kasperi Kapanen.
19:11 of 3rd period - Goal by Kasperi Kapanen - SAN JOSE Sharks : 3 - PHILADELPHIA Flyers : 4.
19:12 of 3rd period - Sean Couturier wins face-off versus Sean Monahan in neutral zone.
19:15 of 3rd period - SAN JOSE Sharks , Jake Oettinger is pulled from the net.
19:29 of 3rd period - Shot by Sean Monahan.
19:29 of 3rd period - Shot Misses the Net.
19:31 of 3rd period - Shot by Jonathan Drouin.
19:31 of 3rd period - Shot Misses the Net.
19:33 of 3rd period - Shot by Austin Czarnik.
19:33 of 3rd period - Goal by Austin Czarnik - SAN JOSE Sharks : 3 - PHILADELPHIA Flyers : 5.
19:33 of 3rd period - Jake Oettinger from SAN JOSE Sharks was sent back in the game.
19:34 of 3rd period - Mike Hoffman wins face-off versus Jordan Staal in neutral zone.
Goals for this period are 1 for SAN JOSE Sharks vs 3 for PHILADELPHIA Flyers.
Shots for this period are 5 for SAN JOSE Sharks vs 15 for PHILADELPHIA Flyers.